AoeStats
← ARMENIO FULL AGUA

Arena

508979806Analyzed
1v1 RM · 6d ago on Sep 24, 2026· 48m 31s· 2 players
Game mode
Random Map
Map size
Tiny (2 player)
Population
200
Speed
Normal
Resources
Standard
Victory
Conquest
Starting age
Dark Age
Ending age
Imperial Age
RankedLock teamsTeams togetherTeam positionsShared explorationLock speedFull tech treeHidden civsTurbo modeCheats
Victory
Defeat
🇨🇴 Wei · Colombia
1105
+18
🇦🇷 Saxons · Argentina
1146
-18
CTM | Kiara
11:30 Feudal Age
9:45 Loom
15:26 Castle Age
14:46 Double-Bit Axe
14:44 Horse Collar
17:41 Bow Saw
17:53 Town Watch
20:06 Fletching
21:20 Bodkin Arrow
23:25 Scale Barding Armor
23:42 Heavy Plow
25:17 Chain Barding Armor
26:04 Gold Mining
30:48 Imperial Age
29:21 Bloodlines
29:14 Husbandry
30:36 Gold Shaft Mining
32:05 Bracer
38:02 Conscription
38:40 Wheelbarrow
41:09 Chemistry
42:54 Padded Archer Armor
43:21 Parthian Tactics
42:53 Light Cavalry
46:40 Murder Holes
47:24 Leather Archer Armor
47:00 Hussar
ARMENIO FULL AGUA
10:47 Feudal Age
12:35 Wheelbarrow
14:50 Castle Age
12:47 Double-Bit Axe
12:48 Horse Collar
13:24 Gold Mining
14:02 Loom
16:15 Bow Saw
17:05 Heavy Plow
18:00 Gold Shaft Mining
21:53 Pikeman
22:19 Arson
24:18 Fletching
25:56 Squires
26:38 Scale Mail Armor
26:49 Forging
31:14 Imperial Age
29:54 Wheelbarrow
29:05 Town Watch
30:35 Chain Mail Armor
31:02 Bodkin Arrow
31:44 Iron Casting
31:45 Stone Mining
33:03 Hand Cart
35:39 Plate Mail Armor
36:44 Conscription
40:12 Elite Varangian Guard
41:02 Capped Ram
41:26 Halberdier
Connection lost

Rejoining the realm…

Still unreachable

The connection could not be restored.

Session expired

The server has moved on; the page needs a fresh start.